 Dungeon Sprint DCSS version 0.22.1-2-g9c5b331 (webtiles) character file.

1172 whitewolfNL the Basher (level 8, -4/85 HPs)
             Began as a Minotaur Berserker on Jan 5, 2019.
             Was a Priest of Trog.
             Slain by a deep troll (6 damage)
             ... in the Dungeon (Sprint I: "Red Sonja").
             The game lasted 00:03:38 (424 turns).

whitewolfNL the Basher (Minotaur Berserker)          Turns: 424, Time: 00:03:41

Health: -4/85      AC:  6    Str: 22    XL:     8   Next: 18%
Magic:  9/9        EV: 14    Int:  4    God:    Trog [***...]
Gold:   368        SH:  0    Dex: 12    Spells: 7/7 levels left

rFire    . . .     SeeInvis .   a - +0 mace
rCold    . . .     Gourm    .   (no shield)
rNeg     . . .     Faith    .   k - +0 ring mail
rPois    .         Spirit   .   (helmet restricted)
rElec    .         Reflect  .   (no cloak)
rCorr    .         Harm     .   (no gloves)
MR       .....     NoTele   +   (no boots)
Stlth    +.........             (no amulet)
HPRegen  0.24/turn              (no ring)
MPRegen  0.11/turn              (no ring)

@: berserk cooldown, slowed, very slow
A: retaliatory headbutt, horns 2
a: Berserk, Trog's Hand, Renounce Religion


You were in the Dungeon.
You worshipped Trog.
Trog was most pleased with you.
You were not hungry.

You visited 1 branch You collected 368 gold pieces.

Inventory:

Hand Weapons
 a - a +0 mace (weapon)
 m - a -2 blowgun
Missiles
 l - 14 sling bullets
 n - 6 curare-tipped needles
Armour
 b - a +0 animal skin
 k - a +0 ring mail (worn)
Wands
 j - a wand of flame (26)
Scrolls
 i - a scroll of blinking
Potions
 d - a potion of curing
 f - a potion of haste
 g - 2 potions of magic
 h - a potion of berserk rage


   Skills:
 * Level 12.8 Fighting
 * Level 13.6 Maces & Flails
 * Level 8.5 Armour
 + Level 5.8 Dodging
 * Level 2.9 Evocations


You had 7 spell levels left.
You didn't know any spells.
Your spell library was empty.

Dungeon Overview and Level Annotations

Branches:
Dungeon (1/1)

Altars:
Cheibriados
Dithmenos
Elyvilon
Fedhas
Gozag
Hepliaklqana
Kikubaaqudgha
Makhleb
Nemelex Xobeh
Okawaru
Qazlal
Ru
Sif Muna
Trog
Uskayaw
Vehumet
Wu Jian
Xom
Yredelemnul
Zin
The Shining One
Jiyva
Lugonu

Shops:
D (


Innate Abilities, Weirdness & Mutations

You reflexively headbutt those who attack you in melee.
You have a pair of horns on your head.


Message History

You hit the deep troll.
The deep troll is lightly wounded.
The deep troll closely misses you. The deep troll claws you! x2
* * * LOW HITPOINT WARNING * * *
You feel much better. The deep troll closely misses you.
The deep troll misses you. x2; The deep troll closely misses you.
You furiously retaliate!
You headbutt the deep troll. The deep troll claws you!
The deep troll barely misses you.
You thump the deep troll! Your headbutt misses the deep troll.
The deep troll is moderately wounded.
The deep troll bites you! The deep troll claws you!
* * * LOW HITPOINT WARNING * * *
The deep troll barely misses you.
You barely miss the deep troll.
The deep troll is moderately wounded.
The deep troll bites you but does no damage.
The deep troll claws you!
* * * LOW HITPOINT WARNING * * *
The deep troll claws you.
You die...

#..#####+#####'#__#
#..#### #...#.####
#..#__####..##.#
#..#_____##'#_.+
#⌠⌠#_.∩...').._#
####_..__##_.#+#
#_____###'#
#########.####+###
......'...@T$.$$+
+++####...#######
##.## #+#


You could see a deep troll.

Vanquished Creatures
  Sonja (D)
  A slime creature (D)
  Sigmund (D)
  A yak (D)
  An ogre (D)
  A jelly (D)
  Ijyb (D)
7 creatures vanquished.

Notes
Turn   | Place    | Note
-------+----------+-------------------------------------------
     0 | D        | whitewolfNL the Minotaur Berserker began the quest for the
                  | Orb.
     0 | D        | Reached XP level 1. HP: 19/19 MP: 0/0
     2 | D        | Noticed Ijyb
     6 | D        | Killed Ijyb
     6 | D        | Reached skill level 5 in Fighting
     6 | D        | Reached skill level 5 in Maces & Flails
     6 | D        | Reached XP level 2. HP: 28/29 MP: 1/1
   103 | D        | Noticed an ogre
   107 | D        | Killed an ogre
   107 | D        | Reached skill level 8 in Maces & Flails
   107 | D        | Reached XP level 3. HP: 39/39 MP: 2/2
   107 | D        | Reached XP level 4. HP: 47/47 MP: 3/3
   162 | D        | Noticed Sigmund
   165 | D        | Killed Sigmund
   165 | D        | Reached ** piety under Trog
   165 | D        | Reached skill level 10 in Maces & Flails
   165 | D        | Reached skill level 5 in Armour
   165 | D        | Reached XP level 5. HP: 58/58 MP: 4/4
   180 | D        | Found a burning altar of Makhleb.
   180 | D        | Found a viscous altar of Jiyva.
   180 | D        | Found a shimmering altar of Xom.
   180 | D        | Found a corrupted altar of Lugonu.
   180 | D        | Noticed a slime creature
   191 | D        | Killed a slime creature
   191 | D        | Reached skill level 10 in Fighting
   191 | D        | Reached skill level 11 in Maces & Flails
   191 | D        | Reached skill level 5 in Dodging
   191 | D        | Reached XP level 6. HP: 39/67 MP: 5/5
   331 | D        | Found an ornate altar of the Wu Jian Council.
   331 | D        | Found a deep blue altar of Sif Muna.
   333 | D        | Found a radiant altar of Vehumet.
   362 | D        | Found Byocwip's Antique Weapon Emporium.
   362 | D        | Found an ancient bone altar of Kikubaaqudgha.
   362 | D        | Found a hazy altar of Hepliaklqana.
   362 | D        | Found a stormy altar of Qazlal.
   362 | D        | Found a hide-covered altar of Uskayaw.
   362 | D        | Found a blossoming altar of Fedhas.
   362 | D        | Found a bloodstained altar of Trog.
   362 | D        | Found an iron altar of Okawaru.
   362 | D        | Found a basalt altar of Yredelemnul.
   362 | D        | Found a glowing golden altar of the Shining One.
   362 | D        | Found a snail-covered altar of Cheibriados.
   362 | D        | Found a sacrificial altar of Ru.
   362 | D        | Found a glowing silver altar of Zin.
   362 | D        | Found a shadowy altar of Dithmenos.
   362 | D        | Found a white marble altar of Elyvilon.
   362 | D        | Noticed a yak
   368 | D        | Killed a yak
   368 | D        | Reached skill level 12 in Maces & Flails
   368 | D        | Reached skill level 1 in Evocations
   368 | D        | Reached XP level 7. HP: 71/74 MP: 6/6
   369 | D        | Found an opulent altar of Gozag.
   370 | D        | Found a sparkling altar of Nemelex Xobeh.
   392 | D        | Noticed Sonja
   395 | D        | Killed Sonja
   395 | D        | Reached *** piety under Trog
   395 | D        | Reached skill level 13 in Maces & Flails
   395 | D        | Reached XP level 8. HP: 85/85 MP: 6/9
   418 | D        | Noticed a deep troll
   424 | D        | HP: 2/85 [deep troll (13)]
   424 | D        | Slain by a deep troll

Skill      XL: |  1  2  3  4  5  6  7 |
---------------+----------------------+-----
Fighting       | 5 7 9 10 11 12 | 12.8
Maces & Flails | 5 8 10 11 12 13 | 13.6
Armour         | 3 4 5 6 7 8 |  8.5
Dodging        | 3 4 5 |  5.8
Evocations     | 1 2 |  2.9

Action                   |  1- 3 |  4- 6 |  7- 9 || total
-------------------------+-------+-------+-------++-------
Melee: Mace              |     5 |    20 |     6 ||    31
       Headbutt          |       |     6 |     1 ||     7
Invok: Berserk           |     2 |       |     1 ||     3
  Use: Potion            |       |       |     1 ||     1
  Eat: Ration            |       |       |     1 ||     1
Armor: Ring mail         |       |     4 |     8 ||    12
Dodge: Dodged            |     2 |     6 |    14 ||    22
